 Dungeon Crawl Stone Soup version 0.20.1-1-g8b1a95d (webtiles) character file.

231 Minstaer the Firebug (level 6, -4/41 HPs)
             Began as a Human Fire Elementalist on Nov 4, 2017.
             Was an Initiate of Qazlal.
             Slain by an ogre
             ... wielding a +0 giant spiked club
              (20 damage)
             ... on level 4 of the Dungeon.
             The game lasted 00:31:03 (3822 turns).

Minstaer the Firebug (Human Fire Elementalist)      Turns: 3822, Time: 00:31:03

Health: -4/41      AC:  5    Str:  9    XL:     6   Next: 24%
Magic:  1/11       EV: 12    Int: 17    God:    Qazlal [......]
Gold:   151        SH:  0    Dex: 13    Spells: 3/12 levels left

rFire    . . .     SeeInvis .   b - +0 mace
rCold    . . .     Gourm    .   (no shield)
rNeg     . . .     Faith    .   k - +0 robe
rPois    .         Spirit   .   v - +1 helmet
rElec    .         Reflect  .   (no cloak)
rCorr    .         Harm     .   (no gloves)
MR       .....                  h - +0 pair of boots
Stlth    ++........             (no amulet)
Regen    0.2/turn               (no ring)
MPRegen  0.2/turn               (no ring)

@: no status effects
A: no striking features
a: Renounce Religion


You were on level 4 of the Dungeon.
You worshipped Qazlal.
Qazlal was noncommittal.
You were not hungry.

You visited 1 branch of the dungeon, and saw 4 of its levels.

You collected 151 gold pieces.

Inventory:

Hand Weapons
 a - a +0 hunting sling
 b - a +0 mace (weapon)
 i - a +2 short sword of venom
Missiles
 g - 48 bolts
 m - 39 sling bullets
 o - 14 arrows
 y - 4 stones (quivered)
Armour
 h - a +0 pair of boots (worn)
 k - a +0 robe (worn)
 v - a +1 helmet (worn)
Jewellery
 p - a +2 ring of intelligence {unknown}
 t - an uncursed amulet of rage {unknown}
Scrolls
 n - 3 scrolls of identify {unknown}
 r - a scroll of teleportation {unknown}
 u - a scroll of amnesia {unknown}
Potions
 j - a potion of mutation {unknown}
 l - 2 potions of flight {unknown}
 q - a potion of curing {unknown}
 s - a potion of resistance {unknown}
 x - a potion of agility {unknown}
 z - a potion of lignification {unknown}
Books
 e - a book of Flames

   Spells                             Type                      Level
   a - Flame Tongue                   Conjuration/Fire             1
   b - Throw Flame                    Conjuration/Fire             2
   c - Conjure Flame                  Conjuration/Fire             3
   d - Inner Flame                    Hexes/Fire                   3
   e - Sticky Flame                   Conjuration/Fire             4
   f - Fireball                       Conjuration/Fire             5
Comestibles
 c - 2 bread rations
 d - 6 fruits
 w - 2 chunks of flesh


   Skills:
 - Level 2.0 Dodging
 - Level 2.0 Stealth
 + Level 3.8 Spellcasting
 + Level 3.6 Conjurations
 * Level 4.0 Fire Magic


You had 3 spell levels left.
You knew the following spells:

 Your Spells              Type           Power        Failure   Level  Hunger
a - Flame Tongue          Conj/Fire      ###..        3%          1    None
b - Conjure Flame         Conj/Fire      ###.....     10%         3    ###....
c - Throw Flame           Conj/Fire      ###...       4%          2    ##.....
d - Inner Flame           Hex/Fire       ##......     22%         3    ###....


Dungeon Overview and Level Annotations

Branches:
Dungeon (4/15)
 Temple: D:4-7

Altars:
Fedhas
Hepliaklqana
Qazlal
Ru
Uskayaw

Shops:
D:4 [


Message History

You kill the orc!
Qazlal accepts your kill.
Casting: Flame Tongue
Confirm with . or Enter, or press ? or * to list all spells.
You don't have enough magic to cast that spell.
You hit the ogre.
The ogre is lightly wounded.
The ogre hits you with a giant spiked club!
You hit the ogre.
The ogre is moderately wounded.
The ogre completely misses you.
The frilled lizard unfolds its giant frill.
You hit the ogre but do no damage.
The ogre is moderately wounded.
The ogre barely misses you.
As you read the scroll labeled EDO XAVIAHU, it crumbles to dust.
It is a scroll of enchant armour.
Your +0 helmet glows green for a moment.
The ogre hits you with a giant spiked club!!
You die...

#######....
#!..##..#
##......#
##.###.w.#
###.##
#..o##
###o.##
####l##
.Soo##
##S## #####
##O### #
##@.# ##.#
### ...
...# .###
.# w# .#


You could see an ogre, a worm, an adder, an orc and a frilled lizard.

Vanquished Creatures
  A howler monkey (D:4)
  A hound (D:4)
  An iguana (D:4)
  An orc wizard (D:3)
  3 adders
  An ooze (D:1)
  2 worms
  4 dart slugs
  8 orcs
  4 giant cockroaches
  12 goblins
  7 hobgoblins
  A quokka (D:3)
  3 ball pythons (D:1)
  6 bats
  3 frilled lizards
  2 kobolds
  A quokka skeleton (D:4)
  3 rats
64 creatures vanquished.

Vanquished Creatures (others)
  A bat (D:3)
1 creature vanquished.

Grand Total: 65 creatures vanquished

Notes
Turn   | Place    | Note
-------+----------+-------------------------------------------
     0 | D:1      | Minstaer the Human Fire Elementalist began the quest for the Orb.
     0 | D:1      | Reached XP level 1. HP: 13/13 MP: 3/3
   113 | D:1      | Reached XP level 2. HP: 9/19 MP: 5/5
   551 | D:1      | Reached XP level 3. HP: 17/24 MP: 4/6
   886 | D:2      | Learned a level 3 spell: Conjure Flame
  1084 | D:2      | Reached XP level 4. HP: 25/30 MP: 1/8
  1353 | D:2      | Found a blossoming altar of Fedhas.
  1908 | D:3      | Learned a level 2 spell: Throw Flame
  1912 | D:3      | Learned a level 3 spell: Inner Flame
  2387 | D:3      | Found a stormy altar of Qazlal.
  2387 | D:3      | Found a sacrificial altar of Ru.
  2404 | D:3      | Found a hide-covered altar of Uskayaw.
  2407 | D:3      | Found a hazy altar of Hepliaklqana.
  2430 | D:3      | Became a worshipper of Qazlal Stormbringer
  2772 | D:3      | Reached XP level 5. HP: 35/35 MP: 3/9
  3603 | D:4      | Found Lasuurem's Armour Boutique.
  3768 | D:4      | Reached XP level 6. HP: 33/41 MP: 5/11
  3772 | D:4      | Noticed an ogre
  3816 | D:4      | Reached skill level 4 in Fire Magic
  3822 | D:4      | Slain by an ogre

Skill      XL: |  1  2  3  4  5  6 |
---------------+-------------------+-----
Conjurations   | 2 3 |  3.6
Spellcasting   | 3 |  3.8
Fire Magic     | 4 |  4.0
Dodging        | |  2.0
Stealth        | |  2.0

Action                   |  1- 3 |  4- 6 || total
-------------------------+-------+-------++-------
Melee: Club              |     8 |       ||     8
       Mace              |    39 |   176 ||   215
 Fire: Hunting sling     |       |     4 ||     4
 Cast: Flame Tongue      |    25 |    47 ||    72
       Throw Flame       |       |     4 ||     4
       Conjure Flame     |       |     2 ||     2
  Use: Potion            |       |     1 ||     1
       Scroll            |       |     1 ||     1
 Stab: Sleeping          |     4 |     2 ||     6
       Distracted        |       |     1 ||     1
  Eat: Chunk             |     1 |     9 ||    10
Armor: Robe              |    18 |    66 ||    84
Dodge: Dodged            |    37 |   144 ||   181
